 Dungeon Crawl Stone Soup version 0.26.1-2-gb8aa6d0cf2 (webtiles) character file.

Game seed: 16056896930954885150

135 skwiii the Stinger (level 4, 0/30 HPs)
             Began as a Demonspawn Venom Mage on Feb 21, 2021.
             Killed from afar by Ijyb (9 damage)
             ... with a puff of flame
             ... on level 3 of the Dungeon.
             The game lasted 00:13:25 (5503 turns).

skwiii the Stinger (Demonspawn Venom Mage)          Turns: 5503, Time: 00:13:25

Health: 0/30       AC:  3    Str:  9    XL:     4   Next: 96%
Magic:  8/8        EV: 12    Int: 17    God:
Gold:   75         SH:  0    Dex: 11    Spells: 2/9 levels left

rFire    . . .     SeeInvis .   p - +0 hand axe
rCold    + . .     Faith    .   (no shield)
rNeg     . . .     Spirit   .   a - +0 robe
rPois    .         Reflect  .   (no helmet)
rElec    .         Harm     .   (no cloak)
rCorr    .         Rampage  .   (no gloves)
Will     .....                  n - +0 pair of boots
Stlth    ++........             (no amulet)
HPRegen  0.10/turn              (no ring)
MPRegen  0.11/turn              (no ring)

@: no status effects
A: hooves 1, clumsy 1, cold resistance 1, evolution 1, sturdy frame 1
a: no special abilities


You were on level 3 of the Dungeon.
You visited 1 branch of the dungeon, and saw 3 of its levels.

You collected 75 gold pieces.

Inventory:

Hand Weapons
 p - a +0 hand axe (weapon)
 t - a +0 trident
Armour
 a - a +0 robe (worn)
 h - a +0 ring mail
 k - a +0 pair of gloves
 m - a cursed -1 scale mail
 n - a +0 pair of boots (worn)
Jewellery
 s - a cursed ring of attention {unknown}
Scrolls
 c - a scroll of amnesia
 d - 2 scrolls of remove curse {unknown}
 e - a scroll of fear {unknown}
 g - a scroll of blinking {unknown}
 r - a scroll of teleportation {unknown}
Potions
 b - a potion of attraction {unknown}
 f - a potion of degeneration {unknown}
 i - a potion of mutation
 j - 2 potions of curing
 l - a potion of flight {unknown}
 o - a potion of ambrosia {unknown}
 q - 2 potions of heal wounds


   Skills:
 - Level 1.7 Dodging
 - Level 1.7 Stealth
 + Level 3.2 Spellcasting
 + Level 0.6 Conjurations
 + Level 2.0 Transmutations
 + Level 1.2 Air Magic
 + Level 3.9 Poison Magic


You had 2 spell levels left.
You knew the following spells:

 Your Spells              Type           Power        Failure   Level
a - Sting                 Tmut/Pois      48%          4%          1
b - Poisonous Vapours     Pois/Air       22%          9%          2
c - Ignite Poison         Fire/Tmut/Pois 9%           22%         3
d - Magic Dart            Conj           16%          13%         1

Your spell library contained the following spells:

 Spells                   Type           Power        Failure   Level
 Searing Ray              Conj           8%           21%         2
 Mephitic Cloud           Conj/Pois/Air  9%           22%         3
 Olgreb's Toxic Radiance  Pois           16%          32%         4
 Dazzling Flash           Conj/Hex       6%           41%         3
 Fulminant Prism          Conj/Hex       1%           83%         4
 Iskenderun's Mystic Bla  Conj/Tloc      3%           83%         4


Dungeon Overview and Level Annotations

Branches:
Dungeon (3/15)

Altars:
Dithmenos
Okawaru
Xom

Annotations:
D:3 Ijyb


Innate Abilities, Weirdness & Mutations

You have large cloven feet.
Your flesh is cold resistant. (rC+)
Your movements are slightly less encumbered by armour. (ER -2)
You are clumsy. (Dex -2)
You evolve.


Message History

Ijyb zaps a wand.
The puff of flame hits you.
* * * LOW HITPOINT WARNING * * *
Ijyb zaps a wand.
The puff of flame hits you.
* * * LOW HITPOINT WARNING * * *
You open the door.
Ijyb screams, "Me very upset!"
There is an open door here.
Clearing level map.
You close the door.
Things that are here:
a +0 flail; a +0 chain mail You see here a +0 short sword.
There is an open door here.
As you close the door, it creaks loudly!
You start resting.
Ijyb the Twisted Goblin opens the door.
She is wielding a +0 dagger and carrying a wand of flame (14).
Ijyb is nearby!
You see here a +0 dagger.
Ijyb zaps a wand.
The puff of flame hits you!
You die...

.....# #####.#...###.#######
.....# #.........#.#.......#
.....####)######g.#.....###.###
###.......#.))...>#.###.# #...#
......#####'#######.# #.# ###.#
......+...).)...#...# #.# #.#
......##........#.### #.# #.#
......##......g.#'#####.# #.#
......########..@......<# #.#
....### #..........# #.# #####
##..........# #.# #...........#
#.# #...........# #.#
#.........### #.#
#########.#######.# #.##......#
#.##.######


You could see Ijyb.

Vanquished Creatures
  3 adders
  2 oozes
  4 worms
  A dart slug (D:1)
  3 leopard geckos
  9 orcs (D:3)
  6 bats
  A giant cockroach (D:3)
  13 hobgoblins
  3 quokkas
  4 frilled lizards
  7 goblins
  8 kobolds
  7 rats
71 creatures vanquished.

Vanquished Creatures (others)
  2 plants (D:2)
2 creatures vanquished.

Grand Total: 73 creatures vanquished

Notes
Turn   | Place    | Note
-------+----------+-------------------------------------------
     0 | D:1      | skwiii the Demonspawn Venom Mage began the quest for the
                  | Orb.
     0 | D:1      | Reached XP level 1. HP: 13/13 MP: 3/3
   133 | D:1      | Reached skill level 1 in Transmutations
  1012 | D:1      | Gained mutation: Your movements are slightly less
                  | encumbered by armour. (ER -2) [demonic ancestry]
  1012 | D:1      | Reached XP level 2. HP: 19/19 MP: 3/5
  1015 | D:1      | Learned a level 2 spell: Poisonous Vapours
  2135 | D:2      | Gained mutation: You have large cloven feet. [demonic
                  | ancestry]
  2135 | D:2      | Reached XP level 3. HP: 24/24 MP: 0/6
  2727 | D:2      | Noticed Robin
  3174 | D:2      | Gained mutation: Your flesh is cold resistant. (rC+)
                  | [demonic ancestry]
  3174 | D:2      | Reached XP level 4. HP: 30/30 MP: 3/8
  3407 | D:2      | Found a shadowy altar of Dithmenos.
  3415 | D:2      | Found an iron altar of Okawaru.
  3421 | D:2      | Found a shimmering altar of Xom.
  3554 | D:3      | Gained mutation: You evolve. [potion of mutation]
  3554 | D:3      | Gained mutation: You are clumsy. (Dex -2) [potion of
                  | mutation]
  3554 | D:3      | Gained mutation: You rapidly evolve. [potion of mutation]
  3646 | D:3      | Learned a level 3 spell: Ignite Poison
  3648 | D:3      | Learned a level 1 spell: Magic Dart
  4062 | D:3      | Reached skill level 1 in Air Magic
  4459 | D:3      | Lost mutation: You rapidly evolve. [decline of evolution]
  5436 | D:3      | Noticed Ijyb
  5503 | D:3      | Killed from afar by Ijyb

Illustrated notes

Levels and vault maps discovered:
D:1:      lemuel_arrival_hallway, layout_loops_ring, hangedman_feature_mirror,
          corexii_leaking_fountain
D:2:      cheibrodos_old_hovel, layout_loops_ring,
          minmay_overflow_temple_star_quad, uniq_robin
D:3:      layout_basic, uniq_ijyb

Skill      XL: |  1  2  3  4 |
---------------+-------------+-----
Transmutations | 1 2 |  2.0
Spellcasting   | 3 |  3.2
Air Magic      | 1 |  1.2
Dodging        | |  1.7
Stealth        | |  1.7
Conjurations   | |  0.6
Poison Magic   | |  3.9

Action                   |  1- 3 |  4- 6 || total
-------------------------+-------+-------++-------
Melee: Unarmed           |     2 |       ||     2
       Hand axe          |       |     1 ||     1
 Cast: Sting             |    44 |    38 ||    82
       Poisonous Vapours |    24 |    30 ||    54
       Magic Dart        |       |     1 ||     1
  Use: Scroll            |     2 |       ||     2
       Potion            |       |     2 ||     2
Armor: Robe              |     7 |     8 ||    15
Dodge: Dodged            |    25 |    25 ||    50
